 Dungeon Crawl Stone Soup version 0.30.1-9-gdf580d7c3d (webtiles) character file.

Game seed: 16001391002102925618

23 Zonian the Chiller (level 2, 0/15 HPs)
             Began as a Deep Elf Ice Elementalist on Oct 10, 2023.
             Slain by a hobgoblin (4 damage)
             ... on level 1 of the Dungeon.
             The game lasted 00:01:19 (909 turns).

Zonian the Chiller (Deep Elf Ice Elementalist)       Turns: 909, Time: 00:01:20

Health: 0/15       AC:  2    Str:  5    XL:     2   Next: 75%
Magic:  7/8        EV: 13    Int: 19    God:
Gold:   0          SH:  0    Dex: 15    Spells: 6/7 levels left

rFire   . . .        g - +0 hand axe
rCold   . . .        (no shield)
rNeg    . . .        a - +0 robe
rPois   .            (no helmet)
rElec   .            (no cloak)
rCorr   .            (no gloves)
SInv    .            (no boots)
Will    .....        (no amulet)
Stlth   ++           (no ring)
HPRegen 0.22/turn    (no ring)
MPRegen 0.11/turn

%: no passive effects
@: no status effects
A: no striking features
a: no special abilities


You were on level 1 of the Dungeon.
You visited 1 branch of the dungeon, and saw 1 of its levels.

Inventory:

Hand Weapons
 g - a +0 hand axe (weapon)
Armour
 a - a +0 robe (worn)
Scrolls
 d - a scroll of poison {unknown}
 e - a scroll of fear {unknown}
Potions
 b - a potion of magic
 c - a potion of attraction {unknown}
 f - 2 potions of mutation {unknown}


   Skills:
 + Level 2.9 Dodging
 + Level 3.0 Stealth
 + Level 3.4 Spellcasting
 + Level 4.6 Ice Magic


You had 6 spell levels left.
You knew the following spells:

 Your Spells              Type           Power      Damage    Failure   Level
a - Freeze                Ice            80%        1d9       2%          1

Your spell library contained the following spells:

 Spells                   Type           Power      Damage    Failure   Level
 Frozen Ramparts          Ice            40%        1d7       6%          3
 Ozocubu's Armour         Ice            20%        N/A       6%          3
 Summon Ice Beast         Ice/Summ       12%        N/A       50%         4


Dungeon Overview and Level Annotations

Branches:
Dungeon (1/15)

Altars:

Shops:
D:1 [


Message History

You freeze the ball python.
You kill the ball python!
You freeze the endoplasm.
The endoplasm is severely wounded.
The endoplasm barely misses you.
Unknown command.
You freeze the endoplasm.
You kill the endoplasm!
You can't see any susceptible monsters within range! (Use Z to cast anyway.) Unknown command.
You see here a ball python corpse.
You closely miss the rat. The rat bites you.
You freeze the rat!
You kill the rat!
Your magical contamination has completely faded away.
You can't see any susceptible monsters within range! (Use Z to cast anyway.) Unknown command.
HP restored.
A hobgoblin comes into view.
The hobgoblin shouts!
You hear a shout! x2
A kobold comes into view. It is wielding a +0 short sword.
The hobgoblin moves out of view.
A kobold is nearby!
Unknown command.
A goblin comes into view. It is wielding a +0 dagger.
The hobgoblin hits you.
You closely miss the hobgoblin. You hit the kobold but do no damage.
The kobold barely misses you. The hobgoblin barely misses you.
The kobold misses you. The hobgoblin closely misses you.
The goblin hits you with a +0 dagger.
You freeze the hobgoblin.
The hobgoblin is severely wounded.
The goblin hits you with a +0 dagger.
The kobold hits you with a +0 short sword.
The hobgoblin hits you.
* * * LOW HITPOINT WARNING * * *
You are too injured to fight recklessly!
Unknown command.
The hobgoblin attacks as you move away! The hobgoblin hits you.
You die...

# . #.# . ..# .
#.# # #.# # # #.#
# #.##.#######
#.## #..g.K......
####...#######@###
#.......>††...g..#
+.##...#.#####.#.#
#...#.# ..#.#
#####.# ### # #.#
#.# ##.# ##..#


You could see a hobgoblin, a goblin and a kobold.

Vanquished Creatures
  2 dart slugs (D:1)
  2 endoplasms (D:1)
  2 giant cockroaches (D:1)
  3 hobgoblins (D:1)
  A quokka (D:1)
  3 ball pythons (D:1)
  2 bats (D:1)
  A frilled lizard (D:1)
  3 rats (D:1)
19 creatures vanquished.

Notes
Turn   | Place    | Note
-------+----------+-------------------------------------------
     0 | D:1      | Zonian the Deep Elf Ice Elementalist began the quest for
                  | the Orb.
     0 | D:1      | Reached XP level 1. HP: 10/10 MP: 6/6
   100 | D:1      | Reached XP level 2. HP: 7/15 MP: 0/8
   387 | D:1      | Found Vupsuc's Armour Emporium.
   909 | D:1      | Slain by a hobgoblin

Illustrated notes

Levels and vault maps discovered:
D:1:      nzn_arrival_depleted_hourglass, layout_basic, serial_shops, shop,
          feat_on_display

Skill      XL: |  1  2 |
---------------+-------+-----
Stealth        | 3 |  3.0
Dodging        | |  2.9
Spellcasting   | |  3.4
Ice Magic      | |  4.6

Action                     || total
---------------------------++-------
  Melee: Hand axe          ||     2
         Unarmed           ||     2
   Cast: Freeze            ||    32
 Armour: Robe              ||     3
  Dodge: Dodged            ||    26
